 Seeded DCSS version 0.30-a0-1066-g63dfefce0d (webtiles) character file.

Game seed: 1178999336264504733 (custom seed)

89 Hubris850 the Sneak (level 4, -2/30 HPs)
             Began as a Vampire Necromancer on Apr 12, 2023.
             Slain by a gnoll
             ... wielding a +0 spear
              (3 damage)
             ... on level 2 of the Dungeon.
             The game lasted 00:03:23 (1478 turns).

Hubris850 the Sneak (Vampire Necromancer)           Turns: 1478, Time: 00:03:24

Health: -2/30      AC:  3    Str: 13    XL:     4   Next: 31%
Magic:  7/7        EV: 13    Int: 17    God:
Gold:   60         SH:  0    Dex: 16    Spells: 6/7 levels left

rFire   . . .      SeeInvis +    c - +0 dagger
rCold   . . .      Faith    .    (no shield)
rNeg    . . .      Spirit   .    a - +0 robe
rPois   .          Reflect  .    g - +0 helmet
rElec   .          Rampage  .    (no cloak)
rCorr   .                        (no gloves)
Will    .....                    (no boots)
Stlth   +++                      (no amulet)
HPRegen 0.45/turn                h - +6 ring of strength
MPRegen 0.10/turn                (no ring)

@: healing quickly
A: alive, fangs 3, see invisible, vampiric 2
a: Exsanguinate


You were on level 2 of the Dungeon.
You visited 1 branch of the dungeon, and saw 2 of its levels.

You collected 60 gold pieces.

Inventory:

Hand Weapons
 c - a +0 dagger (weapon)
Missiles
 j - 5 boomerangs
 n - a throwing net
Armour
 a - a +0 robe (worn)
 g - a +0 helmet (worn)
Jewellery
 h - a +6 ring of strength (left hand)
Scrolls
 f - a scroll of teleportation {unknown}
 i - a scroll of identify {unknown}
 k - a scroll of blinking {unknown}
Potions
 b - a potion of magic
 d - a potion of mutation {unknown}
 e - a potion of berserk rage {unknown}
 l - a potion of haste {unknown}
 m - a potion of flight {unknown}
 o - a potion of ambrosia {unknown}


   Skills:
 + Level 2.6 Short Blades
 - Level 3.0 Dodging
 + Level 5.1 Stealth
 - Level 2.0 Spellcasting
 - Level 4.3 Necromancy


You had 6 spell levels left.
You knew the following spells:

 Your Spells              Type           Power      Damage    Failure   Level
a - Necrotise             Necr           64%        1d7       3%          1

Your spell library contained the following spells:

 Spells                   Type           Power      Damage    Failure   Level
 Vampiric Draining        Necr           16%        2d7       10%         3
 Animate Dead             Necr           16%        N/A       32%         4
 Agony                    Necr           16%        N/A       65%         5


Dungeon Overview and Level Annotations

Branches:
Dungeon (2/15)

Altars:


Innate Abilities, Weirdness & Mutations

Your natural rate of healing is accelerated.
You have razor-sharp teeth.
You have supernaturally acute eyesight. (SInv)
You are afflicted with vampirism and can become a bat while bloodless.


Message History

You are too injured to fight recklessly!
You are too injured to fight recklessly!
You are too injured to fight recklessly!
You are too injured to fight recklessly!
You hit the gnoll.
The gnoll is severely wounded.
The gnoll barely misses you. The gnoll closely misses you.
You hit the gnoll. Your bite misses the gnoll.
The gnoll is severely wounded.
The gnoll hits you from afar with a +0 spear.
The gnoll completely misses you.
You closely miss the gnoll. Your bite misses the gnoll.
The gnoll is severely wounded.
The gnoll hits you from afar with a +0 spear.
The gnoll closely misses you.
You hit the gnoll.
The gnoll is almost dead.
The gnoll closely misses you. The gnoll misses you.
You hit the gnoll but do no damage.
The gnoll is almost dead.
You hit the gnoll.
You kill the gnoll!
The gnoll hits you from afar with a +0 spear.
* * * LOW HITPOINT WARNING * * *
The gnoll closely misses you.
You see here a +0 spear.
You hit the gnoll.
The gnoll is lightly wounded.
The gnoll closely misses you.
You barely miss the gnoll.
The gnoll is lightly wounded.
The gnoll hits you with a +0 spear!
* * * LOW HITPOINT WARNING * * *
You closely miss the gnoll. You punch the gnoll, but do no damage.
The gnoll is lightly wounded.
The gnoll closely misses you.
You closely miss the gnoll. You bite the gnoll.
The gnoll is heavily wounded.
The gnoll hits you with a +0 spear.
You die...

..... ...+ ..#....# #..#.# ####
..# ###....# #..#.# ..# #....#
#..#.# #.# #.# # #.# #.#
#.#.#.################.#
#.................g....#
#################################
................@ggg....
########################


You could see 3 gnolls.

Vanquished Creatures
  4 gnolls (D:2)
  A worm (D:2)
  A dart slug (D:2)
  3 endoplasms (D:1)
  3 hobgoblins (D:1)
  4 jackals (D:1)
  2 quokkas
  4 bats
  A frilled lizard (D:1)
  A goblin (D:1)
  5 kobolds (D:1)
  9 rats
38 creatures vanquished.

Vanquished Creatures (collateral kills)
  An adder (D:2)
  A ball python (D:2)
2 creatures vanquished.

Grand Total: 40 creatures vanquished

Notes
Turn   | Place    | Note
-------+----------+-------------------------------------------
     0 | D:1      | Hubris850 the Vampire Necromancer began the quest for the
                  | Orb.
     0 | D:1      | Reached XP level 1. HP: 13/13 MP: 3/3
   172 | D:1      | Reached XP level 2. HP: 19/19 MP: 3/5
   378 | D:1      | Reached skill level 1 in Short Blades
   809 | D:1      | Reached skill level 4 in Stealth
   813 | D:1      | Gained mutation: You are afflicted with vampirism and can
                  | become a bat while bloodless. [Vampire growth]
   813 | D:1      | Reached XP level 3. HP: 24/24 MP: 6/6
  1281 | D:2      | Reached XP level 4. HP: 30/30 MP: 1/7
  1359 | D:2      | Reached skill level 5 in Stealth
  1476 | D:2      | HP: 1/30 [gnoll/+0 spear (8)]
  1478 | D:2      | Slain by a gnoll

Illustrated notes

Levels and vault maps discovered:
D:1:      dpeg_arrival_long_road, layout_basic
D:2:      layout_basic, basic_altar

Skill      XL: |  1  2  3  4 |
---------------+-------------+-----
Short Blades   | 1 2 |  2.6
Stealth        | 4 5 |  5.1
Dodging        | 3 |  3.0
Spellcasting   | |  2.0
Necromancy     | |  4.3

Action                     |  1- 3 |  4- 6 || total
---------------------------+-------+-------++-------
  Melee: Dagger            |    99 |    23 ||   122
         Bite              |    12 |     3 ||    15
         Punch             |     1 |     1 ||     2
   Cast: Necrotise         |    22 |       ||    22
   Stab: Sleeping          |     6 |     2 ||     8
 Armour: Robe              |    23 |     1 ||    24
  Dodge: Dodged            |    71 |    18 ||    89

Table legend: (Time is in decaauts)
 A = Elapsed time spent in this place.
 B = Non-inter-level travel time spent in this place.
 C = Inter-level travel time spent in this place.
 D = Time resting spent in this place.
 E = Time spent auto-exploring this place.
 F = Levels seen in this place.
 G = Mean time per level.
                   A        B        C        D        E       F      G
               +--------+--------+--------+--------+--------+-----+--------+
         Total |   1470 |   1392 |     78 |    133 |    895 |   2 |  735.0 |
       Dungeon |   1470 |   1392 |     78 |    133 |    895 |   2 |  735.0 |
               +--------+--------+--------+--------+--------+-----+--------+

Top non-repeatable levels by time:
     D:1: 1130 daAuts
     D:2: 340 daAuts
